[Event "89_| Campeonato Brasileiro 2023"]
[Site "Recife"]
[Date "2023.12.17"]
[Round "6.6"]
[White "Bouwman, Marcelo Wanderley"]
[Black "Santiago, Yago De Moura"]
[Result "0-1"]
[ECO "B12"]
[WhiteElo "2116"]
[BlackElo "2476"]
[PlyCount "76"]
[EventDate "2023.??.??"]
[EventCountry "BRA"]
[TimeControl "90+30"]
[WhiteClock "0:09:50"]
[BlackClock "0:16:16"]

1. e4 c6 2. d4 d5 3. e5 c5 4. dxc5 e6 5. a3 Bxc5 6. Nf3 {[%emt 0:00:00] B12: Caro-Kann: Advance Variation.} Nd7 7. c4 Ne7 8. Nc3 {[%emt 0:00:00][%cal
Rc4d5] White is slightly better.} O-O 9. cxd5 Nxd5 10. Nxd5 exd5 11. b4 Be7 $146 ({Predecessor:} 11... Bb6 12. Bg5 Qe8
13. Qxd5 Bc7 14. Bf4 Nf6 15. Qc4 Nh5 16. Rc1 Bb8 17. Bd3 Bg4 {1-0 (34) Shirov,
A (2647)-Plazuelo Pascual,J (2448) Linares 2020}) 12. Qxd5 $2 (12. Be2 $11 {[%eval 0,35] and White is okay.}) 12... a5 ({Better is} 12... Nxe5 $1 $19 13. Qxd8 (13. Qxe5 $2 Bf6 $19) 13... Nxf3+ 14. gxf3 Rxd8) 13. Rb1 (13. Be2 $17 ) 13... axb4 $19 14. axb4 {[%emt 0:00:00] [#]} Nxe5 $1 15. Qxe5 {[%emt 0:00:00] [#] aiming for Be2.} Re8 $1 16. Be2
{[%emt 0:00:00] And now 0-0 would win.} Bxb4+ $1 17. Rxb4 Rxe5 18. Nxe5 Qd6 $2 (18... Qa5 $17 {[%eval -160,27] and life is
bright.} 19. Nd3 Bf5) 19. Re4 $2 (
19. Rb5 $16 ) 19... Bf5 20. Re3 {[%emt 0:00:00]
Strongly threatening 0-0.Black is clearly winning.} Qb4+ 21.
Kd1 ({Of course not} 21. Bd2 Ra1+ 22. Bd1 {[#]} Rxd1+ $1 23. Kxd1 Qb1+ 24. Ke2 Qxh1 $19) 21... Qa4+ 22. Ke1 Qc2 23. Nd3 Bxd3 24. Rxd3 Qxc1+ 25. Rd1 Qc3+ 26. Kf1 Ra1 27. g3 Qc6 28. f3 Rxd1+ 29. Bxd1 {[%emt 0:00:00][%mdl 4096] Endgame KQ-KRB} Qd5 30. Be2 g6 31. Kf2 Qd4+ 32. Kg2 Qe3 33.
Re1 {[%emt 0:00:14] [#]} b5 $1 34. Kf1 (34. Bxb5 Qxe1) 34... b4 35. Bd1 Qd2 36. h4 h5 37. Be2 b3 38. Rd1 Qe3 {
[%emt 0:00:17] Accuracy: White = 58%, Black = 82%.} 0-1

[Event "89_| Campeonato Brasileiro 2023"]
[Site "Recife"]
[Date "2023.12.16"]
[Round "6.7"]
[White "Ferreira Junior, Luiz Carlos A"]
[Black "Do Valle Cardoso, Lucas"]
[Result "0-1"]
[ECO "D24"]
[WhiteElo "2037"]
[BlackElo "2352"]
[PlyCount "44"]
[EventDate "2023.??.??"]
[EventCountry "BRA"]
[TimeControl "90+30"]
[WhiteClock "1:04:44"]
[BlackClock "1:06:29"]

1. d4 d5 2. Nf3 Nf6 3. c4 dxc4 4. Nc3 a6 5. a4 Nc6 6. e3 Na5 7. Ne5 Be6 8. Be2 (8. e4 $142 ) 8... g6 $17 {[%emt 0:00:00] D24: Queen's
Gambit Accepted: 3 Nf3 Nf6 4 Nc3.} 9. O-O Bg7 10. e4 Nb3 {[%emt 0:00:00] Black is clearly better.} 11. Ra3 (11. d5 $17 Bc8 12. Ra3)
11... Qxd4 $19 {[%emt 0:00:00] [#]} 12. Qxd4 $146 (12. Bxc4 $1 Bxc4 13. Nxc4 Qxc4 14. Qxb3 Qxb3
15. Rxb3) ({Predecessor:} 12. Bxc4 Bxc4 13. Nxc4 Qxc4 14. Qxb3 Qxb3 15. Rxb3
O-O-O 16. f3 Nd7 17. Be3 Ne5 18. Bg5 {0-1 (40) Vertes,A (2209)-Fister,B (2331)
ICCF email 2012}) 12... Nxd4 13. Bxc4 {[%emt 0:00:00] [#]}
Nxe4 $1 14. Bxe6 (14. Nxe4 Bxe5)
14... Nxe6 15. Nxf7 Nxc3 {[%emt 0:00:00]
Black is clearly winning.} ({Weaker is} 15... Kxf7 16. Nxe4 Rhd8 17. Re1 $17)
16. Nxh8 Ne2+ 17. Kh1 Nxc1 18. Nxg6 hxg6 19. Re3 Nd8 20. Rg3 Ne2 21. Rxg6 Kf7 22. Rg4 Nc6 {[%emt 0:00:00] Accuracy: White = 46%, Black = 93%.} 0-1

[Event "89_| Campeonato Brasileiro 2023"]
[Site "Recife"]
[Date "2023.12.16"]
[Round "6.8"]
[White "Da Silva, Giovanni B Tavares"]
[Black "Aranha Filho, Alvaro Zimmermann"]
[Result "0-1"]
[ECO "B33"]
[WhiteElo "2001"]
[BlackElo "2182"]
[PlyCount "100"]
[EventDate "2023.??.??"]
[EventCountry "BRA"]
[TimeControl "90+30"]
[WhiteClock "0:01:27"]
[BlackClock "0:12:28"]

1. e4 c5 2.
Nf3 Nc6 3. d4 cxd4 4. Nxd4 Nf6 5. Nc3 e5 6. Ndb5 d6 7. Bg5 a6 8. Na3 b5 9. Nd5 Be7 10. Bxf6 Bxf6 11. c3 Bg5 12. Bd3 (12. Nc2 {seems wilder.} O-O 13. a4 bxa4 14. Rxa4 a5 15. Bc4) 12... Ne7
{[%emt 0:00:00] B33: Sicilian: Pelikan and Sveshnikov Variations.} 13. Nxe7 Qxe7 14. O-O O-O {[%emt 0:00:
00] The position is equal.} 15. Nc2 g6 16.
Qe2 f5 $146 ({Predecessor:} 16... Rb8 17. a4
bxa4 18. Nb4 Bd7 19. Nd5 Qd8 20. Bxa6 f5 21. f3 Kh8 22. Bd3 Be6 {0-1 (50)
Aguiar,C (1994)-Blalock,R (2203) Olival Basto 2006}) 17. a4 d5
$1 18. f3 Rb8 19. axb5 axb5 20. exd5 {[%emt 0:00:00] White
wants to play Nb4.} Qc5+ 21. Kh1 Qxd5 22. c4 Qd6 23. cxb5 Bb7 24. Rad1 {[%emt 0:00:00] And now Bc4+ would win.}
Qc5 25. Bc4+ Kh8 26. b4 Qe7 27. Bd5 Bf6 28. Qc4 (28. Ne3 $16 ) 28...
Bxd5 (28... Rbc8 $11 29. Qe2 Bxd5
30. Rxd5 Rc3) 29. Rxd5 $14 e4 30. Nd4 exf3 31. Nxf3 ({Not} 31. Rxf3
$2 Qe4 $19) 31... Rfe8 ({Better is} 31... Qe4
$14 32. Nd2 Qe7) 32. h3 (32.
Rfd1 $16 ) 32... Qe3 $2 (32... Qe2 $11 {[%eval 20,30] and Black stays safe.} 33. Qxe2 Rxe2) 33.
Rc1 Qe6 (33... Re4 {[%eval
182,26] might work better.} 34. Qc7 Qb6) 34. Nd4 $2 (34. Re1 $18 Qf7 35. Rxe8+ Qxe8 36. Qc6) 34... Qf7 {
[%eval 187,24] [%emt 0:00:00] [#]} (34... Qe4 $14 ) 35. Nc6 (35. Nf3 $1 $18 {[%eval 187,24] and White stays
clearly on top.}) 35... Rb7 $16 36. Qd3 {[%emt 0:00:30] Black
must now prevent Nd8.} Kg7 37. Rd1 h5 {
[%eval 174,24] [%emt 0:00:00] [#]} (37... Kh6 $14 ) 38. Kg1 (38. b6 $1 $18 ) 38... Kh6 $14 39. Rd7 Rxd7 40. Qxd7 Qb3 41. Rf1 Re2 {[%emt 0:00:
00] Hoping for ...Qa2.} 42. Nd8 $132 {[%emt 0:00:30][%mdl 2048] White puts up
resistance} Qe3+ ({Don't take} 42... Qxb4 43. Kh2 $17) 43. Kh1 Be7 (43... Rd2 $5 44. Nf7+ $8 Kg7 $15) 44.
Nf7+ Kg7 45. Qd5 $2 (45. Nd8 $1 $11 {[%eval -22,31] and White is okay.}) 45...
Qe4 $19 {[%emt 0:00:00] Black is clearly winning.} 46. Qxe4 Rxe4 47. g4 Kxf7 48. gxh5 Rxb4 49. hxg6+ Kxg6 50. Kg2 Rxb5 {[%emt 0:14:02] Accuracy: White = 40%,
Black = 54%.} 0-1

[Event "89_| Campeonato Brasileiro 2023"]
[Site "Recife"]
[Date "2023.12.18"]
[Round "7.1"]
[White "Fier, Alexandr"]
[Black "Quintiliano Pinto, Renato Rodrigues"]
[Result "1/2-1/2"]
[ECO "C41"]
[WhiteElo "2545"]
[BlackElo "2489"]
[PlyCount "49"]
[EventDate "2023.??.??"]
[EventCountry "BRA"]
[TimeControl "90+30"]
[WhiteClock "0:48:06"]
[BlackClock "0:09:48"]

1. e4 d6 2. d4 Nf6 3. Nc3 e5 4. Nf3 Nbd7 5. h3 Be7 6. Be3 c6 {[%emt 0:00:00]
C41: Philidor Defence.} 7. g4 h6 8. a3 Qa5 {[%emt 0:00:00] Black wants to play ...Nxe4.} 9. Qd2 b5 10. Bg2 $146 (10. Ne2 $14 Qxd2+ 11. Nxd2) ({Predecessor:} 10. Bd3 Rb8 11.
O-O Qc7 12. a4 b4 13. Ne2 c5 14. dxe5 Nxe5 15. Nxe5 dxe5 16. Bb5+ {1/2-1/2 (49)
Milenkovic,M (2343)-Colovic,D (2376) Golubac 2008}) 10... b4 11. Na2 $1 Nxe4 12. Qxb4 (12. axb4 $11 Nxd2 13. bxa5 Nxf3+ 14. Bxf3)
12... Qc7 $1 $36 {[%emt 0:00:00][%mdl 2048] Black has the initiative.} 13. dxe5 d5 14. Qd4 $1 O-O 15. Nc3 c5 16. Qd3 Nxc3 17. bxc3 Bb7 18. Bf4 (18. O-O $11 ) 18... Bf6 (18... Qc6 $1 $15 ) 19. Rb1 {
[%emt 0:00:00] Strongly threatening Rxb7.} Rae8 {[%emt 0:00:53][%cal Rd7e5]
The position is equal.} 20. O-O Nxe5 21. Nxe5 Bxe5 22. Bxe5 Rxe5 23. Qg3 {[%emt 0:00:00] [#] Rxb7! is the strong threat.} Ba8 24. Rbe1 Re7 25. Qxc7 {[%emt 0:00:00]
Accuracy: White = 69%, Black = 64%.} 1/2-1/2

[Event "89_| Campeonato Brasileiro 2023"]
[Site "Recife"]
[Date "2023.12.18"]
[Round "7.3"]
[White "Do Valle Cardoso, Lucas"]
[Black "Mekhitarian, Krikor Sevag"]
[Result "1-0"]
[ECO "D02"]
[WhiteElo "2352"]
[BlackElo "2559"]
[PlyCount "63"]
[EventDate "2023.??.??"]
[EventCountry "BRA"]
[TimeControl "90+30"]
[WhiteClock "0:10:42"]
[BlackClock "0:00:32"]

1. Nf3 d5 2. g3 c6 3. Bg2 Bg4 4. O-O Nd7 5. d4 e6 6. Nbd2 Ngf6 7. c4 Be7 {[%emt 0:00:00] D02:1 d4 d5 2 Nf3 sidelines,
including 2...Nf6 3 g3 and 2...Nf6 3 Bf4.} 8. b3 O-O 9. h3 Bf5 {[%emt 0:00:00] The position is equal.} 10.
g4 Bg6 11. Nh4 Be4 $146 ({Predecessor:} 11... a5 12. Nxg6 hxg6 13. e4 dxe4 14. Nxe4
Nxe4 15. Bxe4 Qc7 16. Be3 Rfd8 17. Qc2 Nf6 {0-1 (61) Hernando Pertierra,J 
(2348)-Garrido Olivares,R (2167) Collado Villalba 2017}) 12. Nhf3 h6 13. Nxe4 Nxe4 14.
Bb2 (14. Bf4 $11 {[%eval -13,29] remains equal.
}) 14... f5 $1 $17 15. gxf5 Rxf5 16. Nd2 Nxd2 17. Qxd2 {[%emt 0:00:00] 
[#]} Bd6 (17... Nf6 $1 $17 )
18. e4 $1 $15 dxe4 19. Bxe4 Rf4 ({Better is} 19... Rg5+ $15 20. Kh1 Rh5) 20. Bg2 $11 Qh4 21. Rae1 $36 {[%emt 0:00:00][%mdl 2048] White is pushing.} Re8 22. Re3 Rf5 {[%emt 0:04:13] aiming for ...Qf4.} 23. Re4 Rf4 24. Re3 Nf6 25. Qe2 Kf7 {[%eval 101,27] [%emt 0:02:09] [#]} (25...
Rg4 $1 $11 {[%eval 0,36] keeps the balance.}) 26. d5 $1 $16 {[%emt 0:03:01]
[%cal Re3e6][%mdl 576] Deflection} cxd5 (26...
Rf5 $16 ) 27. cxd5 $18 Nxd5 $2 (27... Kg8 28. Rxe6 Rd8) 28. Bxd5 {[%emt 0:00:
42] White is clearly winning.} exd5 29. Rxe8 Qxh3 {[%emt 0:00:56] ( -> ...Rg4+)} 30. Re3 Rg4+ {[%emt 0:01:13] [#]} 31. Rg3 $1 h5 (31... Bxg3 32. fxg3+) 32. Qxg4 {[%emt 0:00:34] Accuracy: White = 79%,
Black = 54%.} 1-0

[Event "89_| Campeonato Brasileiro 2023"]
[Site "Recife"]
[Date "2023.12.18"]
[Round "7.4"]
[White "Diamant, Andre"]
[Black "Labussiere, Yago"]
[Result "1/2-1/2"]
[ECO "B27"]
[WhiteElo "2513"]
[BlackElo "2182"]
[PlyCount "93"]
[EventDate "2023.??.??"]
[EventCountry "BRA"]
[TimeControl "90+30"]
[WhiteClock "0:00:24"]
[BlackClock "0:00:34"]

1. e4 c5 2. Nf3 g6 3. c3 Nf6 4. e5 Nd5 5. d4 cxd4 6. Qxd4 {[%emt 0:00:00] B27:
Sicilian: 2 Nf3, unusual Black 2nd moves.} Nb6 7. Bf4 Nc6 8. Qd2 $146 {[%emt 0:00:00] White is
slightly better.} ({Predecessor:} 8. Qe4 d5 9. exd6 Bf5 10. Qe2 Nd5 11. Be5
Nxe5 12. Qxe5 Nf6 13. Bb5+ Bd7 14. O-O Bxb5 15. Qxb5+ {1-0 (74) Yuan,Q (2373)
-Mgeladze,T (2388) Chess.com INT 2023}) 8... Bg7 9. Be2 f6 10. Bh6 O-O 11. Bxg7 Kxg7 12. exf6+ Rxf6 13. c4 (13. O-O $14 ) 13... d5 $11 14. cxd5 Qxd5 15. O-O Bf5 16. Rd1 (16. Qc1 {is more complex.} Bxb1 17. Qxb1 Rd8 18. Re1 Qf5 19. Qxf5 Rxf5
20. Rac1) 16... Qxd2 17. Rxd2 Bxb1 18. Rxb1 Rd6 19. Rxd6 exd6 20. Rd1 Re8 21. Bb5 d5 22. Nd4 Rc8 23. Bxc6 bxc6 {[%emt 0:00:01][%cal Bb7c6,Bc6c5][%mdl
4128] Endgame KRN-KRN} 24. Rc1 Nc4 25. b3 c5 26. Nb5 Nb6 27. Nxa7 Ra8 28. Nc6 Rxa2 29. f4 c4 30. bxc4 {
[%emt 0:00:26] The position is equal.} dxc4 31. Ne5 Ra7 32. Kf2 Rc7 33.
Ke3 c3 34. g3 Nc4+ 35. Nxc4 Rxc4 {[%emt 0:00:01] KR-KR} 36. Kd3 Rc7 (36... Ra4 {looks sharper.} 37. Rxc3 h5 38. Rc7+
Kg8 39. Ke3 Ra2) 37. Rxc3 Re7 38. Rc5 Kf6 39. Ra5 Re1 40. Ra2 h6 41. Kd2 Re6 42. Ra5 g5 43. f5 Rb6 44. Ke3 g4 45.
Rd5 h5 46. Rc5 Rb2 47. Ke4 {[%emt 0:00:45] Accuracy: White = 87%, Black = 83%.} 1/2-1/2

[Event "89_| Campeonato Brasileiro 2023"]
[Site "Recife"]
[Date "2023.12.18"]
[Round "7.5"]
[White "Aranha Filho, Alvaro Zimmermann"]
[Black "Di Berardino, Diego Rafael"]
[Result "0-1"]
[ECO "D85"]
[WhiteElo "2182"]
[BlackElo "2477"]
[PlyCount "82"]
[EventDate "2023.??.??"]
[EventCountry "BRA"]
[TimeControl "90+30"]
[WhiteClock "0:07:44"]
[BlackClock "0:20:50"]

1. d4 Nf6 2. Nf3 g6 3. c4 Bg7 4. Nc3 d5 5. cxd5 Nxd5 6. e4 Nxc3 7. bxc3 c5 8. h3 O-O 9. Be2 b6 10. Be3 {[%emt 0:00:00] D85: Exchange Grünfeld:
Unusual White 7th moves and lines with 7 Nf3.} Bb7 11. Qd3 Nd7 12. O-O {[%emt 0:00:00] White has an edge.
} e6 13. Rad1 Nf6 14. Nd2 Qc7 15. Qb1 Rfd8 $146 ({Predecessor:} 15... Rac8 16. Rc1 h6 17. Bd3 Rfd8 18. Rfd1 Qe7
19. Nf3 Nd7 20. Nd2 cxd4 21. cxd4 Rxc1 22. Rxc1 {0-1 (83) Bosch,J (2445)-Van
Wely,L (2651) Netherlands 2004}) 16. Rc1 Rac8 17. Rfd1 Bc6 18. Ba6 Rb8 19. Bb5 (19. Be2 {keeps more tension.} h6 20.
Bf3 Rbc8 21. Nc4 cxd4 22. cxd4 Qb7 23. Nd2) 19... a6 20. Bxc6 ({Much weaker is} 20. Bxa6 b5 $17) 20... Qxc6 21. f3 (21. e5 $14 Nd5 22. Bg5)
21... Nh5 {[%eval 88,25] [%emt 0:00:00] [#]} (21... c4 $11 )
22. Nc4 ({White should play} 22. e5 $1 $16 ) 22... b5 $36 {[%emt 0:00:00][%mdl 2048] Black is more active.}
23. Ne5 Qc7 24. Nd3 c4 25. Nf2 (25. Nc5 $11 Ra8 26. e5) 25... e5 26. Qc2 (26. d5 $11 ) 26... Rbc8 (
26... exd4 $17 27. cxd4 Rbc8) 27. dxe5 (27. d5 $11 ) 27... Qxe5 28. Ng4 Qc7 29. Bg5 $1 Qc5+ 30. Be3 Qe7 31. Bb6 (31. a4 $11 {[%eval -15,32] keeps the balance.}) 31... Rxd1+
$17 32. Rxd1 Nf4 33. Be3 Nd3 34. Nf2 Nxf2 35. Bxf2 Rd8 36. Rxd8+ Qxd8 37. Kf1 (37. f4 $17 ) 37... Qd6 38. Ke2 Qh2 (38... h5 $19 39. Qd2 Qxd2+
40. Kxd2 f5) 39. g4 $2 (39. Qd2 $17 ) 39... b4 {[%emt 0:00:00][%mdl 64] [#] Deflection} ({Not} 39... Qxh3
40. Qd2 $17) 40. cxb4 $2 (40. Qd1 Bxc3 41. Qd8+ Kg7 42. Qd5) 40... Bd4 $1 $19 41. Ke1 c3 {[%emt 0:00:00] Accuracy: White = 43%, Black = 61%.} 0-1

[Event "89_| Campeonato Brasileiro 2023"]
[Site "Recife"]
[Date "2023.12.18"]
[Round "7.6"]
[White "Santiago, Yago De Moura"]
[Black "Filgueiras, Nathan Felipe"]
[Result "1/2-1/2"]
[ECO "D00"]
[WhiteElo "2476"]
[BlackElo "2295"]
[PlyCount "33"]
[EventDate "2023.??.??"]
[EventCountry "BRA"]
[TimeControl "90+30"]
[WhiteClock "0:43:43"]

1. d4 d5 2. Bf4 Nf6 3. Nc3 c5 4. e4 Nxe4 5. Nxe4 dxe4 6.
dxc5 {[%emt 0:00:00] D00:1 d4 d5: Unusual lines.} Qa5+ 7. c3 Qxc5 8. Qa4+ Nc6 9. Qxe4 Bf5 10. Qe3 (10. Qa4 $11 {[%eval 25,31] remains equal.}) (10. Qa4 $11 ) 10... Qxe3+ ({Black should play} 
10... e5 $17 ) ({Black should play} 10... e5 $15 ) 11. Bxe3 $11 {[%emt 0:00:00] The position is equal.The position is equal.
} O-O-O 12. Nf3 f6 13. a4
$146 ({Predecessor:} 13. Nd4 Nxd4 14. Bxd4 Kb8 15. O-O-O Rc8
16. Bd3 Bxd3 17. Rxd3 e5 18. Be3 Bc5 19. Bxc5 Rxc5 {1-0 (48) Badacsonyi,S 
(1935)-Kumar,S (1850) London 2023}) ({Predecessor:} 13. Nd4 Nxd4 14. Bxd4 Kb8
15. O-O-O Rc8 16. Bd3 Bxd3 17. Rxd3 e5 18. Be3 Bc5 19. Bxc5 Rxc5 {1-0 (48)
Badacsonyi,S (1935)-Kumar,S (1850) London 2023}) 13... e5 14.
Nd2 Bd6 15. Bb5 Kb8 16. O-O Ne7 17. Nc4 {[%emt 0:
00:00] Accuracy: White = 67%, Black = 76%. . Accuracy: White = 66%, Black =
65%.} 1/2-1/2

[Event "89_| Campeonato Brasileiro 2023"]
[Site "Recife"]
[Date "2023.12.17"]
[Round "7.8"]
[White "Pinheiro, Iung Alicio"]
[Black "Ribeiro, Matheus Mendes Domi"]
[Result "1-0"]
[ECO "C00"]
[WhiteElo "2274"]
[BlackElo "2136"]
[PlyCount "23"]
[EventDate "2023.??.??"]
[EventCountry "BRA"]
[TimeControl "90+30"]
[WhiteClock "0:54:53"]
[BlackClock "0:01:26"]

1. e4 e6 2. Qe2 Nc6 3. f4 d5 4. d3 dxe4 5. dxe4 e5 6. Nf3 {[%emt 0:00:00] C00:
French: Unusual White 2nd moves.} Bg4 $146 ({Predecessor:} 
6... Bd6 7. c3 Qe7 8. f5 Bd7 9. Be3 g6 10. g4 h5 11. fxg6 hxg4 12. gxf7+ Qxf7 {
1/2-1/2 (100) Stearman,J (2154)-Mucobega,J (2199) Chess.com INT 2016}) 7. c3 Qd7 8. h3 {[%emt 0:00:00] The position is
equal.} Bxf3 $1 9. Qxf3 O-O-O 10. f5 Nf6 11. Be2 Bc5 12. Nd2 1-0

[Event "89_| Campeonato Brasileiro 2023"]
[Site "Recife"]
[Date "2023.12.18"]
[Round "8.2"]
[White "Do Valle Cardoso, Lucas"]
[Black "Fier, Alexandr"]
[Result "1/2-1/2"]
[ECO "D02"]
[WhiteElo "2352"]
[BlackElo "2545"]
[PlyCount "50"]
[EventDate "2023.??.??"]
[EventCountry "BRA"]
[TimeControl "90+30"]
[WhiteClock "0:26:56"]
[BlackClock "0:21:45"]

1. Nf3 d5 2. g3 g6 3. d4 c6 4. Bg2 Bg7 5. O-O Nf6 6. a4 {[%emt 0:00:00][%cal
Ba2a4,Ba4a5][%mdl 32] D02:1 d4 d5 2 Nf3 sidelines, including 2...Nf6 3 g3 and
2...Nf6 3 Bf4.} O-O 7. a5 Na6 8. c3 Bf5 9. Bf4 Rc8 $146 ({
Predecessor:} 9... Qc8 10. Qb3 Nh5 11. Be3 Rb8 12. c4 dxc4 13. Qxc4 Bh3 14. Nc3
Nc7 15. Bg5 Bxg2 16. Kxg2 {1-0 (24) Neiksans,A (2590)-Di Nicolantonio,L (2382)
Chartres 2022}) 10. Nbd2 Nc7 11. Be5 Nb5 12. Ne1 h5 13. Nd3 Nd6 14. Re1 h4 15. gxh4 e6 16. Nf3 Nc4 17. Bg3 Ne4 18. a6 b6 19. Nfe5 Ncd6 20. e3 f6 21. Nf3 (21. Ng4 $1 $14 ) 21... Qe7 {[%emt 0:00:
00][%mdl 1024] Black has compensation.} 22. Qe2 Bg4 (22... Nc4 $15 ) 23. Qc2 $14 Bf5 24. Qe2 (24. Nd2
$1 $14 ) 24... Bg4 (24... Nc4 $15 ) 25. Qc2 Bf5 {[%emt 0:00:00] Accuracy: White
= 58%, Black = 46%.} 1/2-1/2

[Event "89_| Campeonato Brasileiro 2023"]
[Site "Recife"]
[Date "2023.12.18"]
[Round "8.4"]
[White "Rocha, Vitor Firmo de Souz"]
[Black "Santiago, Yago De Moura"]
[Result "1/2-1/2"]
[ECO "B12"]
[WhiteElo "2207"]
[BlackElo "2476"]
[Annotator "Stockfish 16 (CB)"]
[PlyCount "177"]
[EventDate "2023.??.??"]
[EventCountry "BRA"]
[TimeControl "90+30"]
[WhiteClock "0:19:51"]
[BlackClock "0:17:43"]

1. e4 c6 2. d4 d5 3. e5 Bf5 4. Nf3 e6 5. Be2 c5 6. Be3 cxd4 7. Nxd4 Ne7 8. c4 Nbc6 9. Nc3 {[%eval -36,31] [%emt 0:00:00] B12: Caro-Kann: Advance
Variation.} (9. Qa4 $1 $14 ) 9... Nxd4 $15 10.
Bxd4 Nc6 (10... dxc4 $15 11. Bxc4 a6) 11. cxd5 $14 {[%emt 0:00:00] White is slightly
better.} exd5 12. O-O Be7 13. Rc1 $146 (13. Bf3 $14 ) ({
Predecessor:} 13. Bf3 Be6 14. Be3 Nxe5 15. Bxd5 Bxd5 16. Qxd5 Qxd5 17. Nxd5 Bd6
18. Rfd1 O-O 19. Nf6+ gxf6 20. Rxd6 {1-0 (60) Grekh,A (2382)-Ilandzis,S (2162)
Pardubice 2013}) 13... O-O $11 14. a3 Rc8 15. Kh1 h6 16. f4 Qa5 (16... Kh8 $11 {[%eval 20,33]
remains equal.}) 17. b4 $1 $16 Qd8 18. Bf3 Be6 19. Bg1 d4 20. Nb5 (20. Ne4 $1
$16 ) 20... d3 {[%eval 182,31] [%emt 0:00:00] [#]} (20... a5 $14 ) 21. Nd6 $1 Bxd6 22. exd6 Bf5 (22... Qxd6 $16 23. Bc5 Qd7) 23. g4 $18 Bh7 24. f5 $2 ({White should try} 24. b5 $18 Nb8 25. Rxc8 (25. Bxb7 Rxc1 26. Qxc1 Qxd6 $14) (25. Bxa7 Qxd6
26. Rxc8 Rxc8 $14) 25... Qxc8 26. f5 (26. Bxa7 Qd7 $16)) 24... h5 $2 (24... Ne5 $1 $14 ) 25. Rxc6
$2 ({Don't play} 25. Qxd3 Ne5 $18) (25. Bxc6
$18 Rxc6 26. Rxc6 (26. Qxd3 Rxd6 27. Qe4 hxg4 $11) 26... bxc6
27. Qxd3) 25... bxc6 $16 26. Qxd3 {[%emt 0:00:00] And now d7
would win.} hxg4 27. Bxg4 {[%emt 0:00:00] Threatens to win
with d7.} Qd7 28. h3 (28. Bc5
$16 ) 28... Rfe8 {[%eval 100,26] [%emt 0:00:00] [#]} (28... Rcd8
$11 ) 29. Qg3 (29. Bxa7 $1 $16 Re5 (29... Qxa7 30. d7) 30. Bc5) 29... f6 30. Bc5 $36 {[%emt 0:00:00][%mdl 2048] White has good play.} Re5 31. Qxe5 fxe5 32. f6 Rd8 $2 ({Don't go
for} 32... Be4+ $2 33. Kh2 $18) (32... Qf7 $11 {[%eval 5,47] and Black stays
safe.} 33. Bxc8 gxf6) 33. Bxd7 $18 Rxd7 34.
fxg7 Kxg7 {[%emt 0:00:20][%mdl 4096] Endgame KRB-KRB} 35. Kh2 Bd3 36. Rf2 a6 37. Kg3 Kg6 38. Rf8 Be4 39. Re8 Kf6 40. Re7 $2 (40. h4 $18 {[%eval 400,27] aiming for Rc8.} Bf5
41. h5) 40... Rd8 $2 (40... Rxe7 $11
{[%eval 14,39] and Black is okay.} 41. dxe7 Bg6) 41. Ra7 Rg8+ 42. Kf2 Bf5 43. Rxa6 Bxh3 44. Rxc6 Bd7 45. Rc7 Ke6 46. Ra7 Rh8 (46... Rf8+ $142 47. Ke3
Rh8) 47. a4 Rh2+ 48. Kg3 Ra2 49. a5 Ra3+ 50. Kf2 Ra2+ 51. Ke3 Ra3+ 52. Kd2 e4 53. Rc7 e3+ 54. Bxe3 Kxd6 55. Bf4+ Ke6 56. Kc1 Ra4 $2 (56... Bb5 57. Rc5 Bf1) 57. Bd2 Ra2 58. Bc3 Bb5 59. Kb1 Rg2 $2 {[%eval 489,27] [%emt 0:00:39] [#]} (59...
Rf2 $16 {[%eval 155,30] is more resistant.} 60. Kc1 Bd3) 60. Rc5 $2 (60. a6 $1 $18 {[%eval 489,27] is the precise move to
win.}) 60... Bd3+ $16 {[%emt 0:00:52] [#]} 61. Ka1 (61. Kc1 $1 $16 ) 61... Rc2 $11 {[%emt 0:00:25] The position
is equal.} 62. a6 {[%emt 0:04:54][%mdl 64] Decoy} Bxa6 63.
Rc6+ Kd7 64. Rxa6 Rxc3 {
[%emt 0:00:04] KR-KR} 65. Kb2 Rh3 66. Rb6 Kc7 67. Rg6 Kb7 68. Kc2 Kc7 69. Rg5 Kb6 70. Rc5 Rg3 71. Rc3 Rxc3+ (71... Rg8 {looks sharper.} 72. Kd3 Re8
73. b5 Kb7 74. b6 Re7) 72. Kxc3 {[%emt 0:00:03] KP-K} Kb5 73.
Kb3 Kb6 74. Kc4 Kc6 75. b5+ Kb6 76. Kb4 Kb7 77. Kc5 Kc7 78.
b6+ Kb7 79. Kb5 Kb8 80. Kc6 {[%emt 0:00:04] White threatens b7 and mate.} Kc8 81. Kb5 Kb7 82. Kc5 Kb8 83. Kb4 (83. Kd6 {keeps more
tension.} Kb7 84. Kc5 Kb8 85. Kd4 Kb7 86. Kc5) 83... Kb7 84.
Kb5 Kb8 85. Kc5 Kb7 86. Kb5 Kb8 87. Kc6 {[%emt 0:
00:04] Threatening mate with b7.} Kc8 88. b7+ Kb8 89. Kb6 {[%emt 0:00:31] Accuracy: White = 70%, Black =
65%.} 1/2-1/2